 Dungeon Crawl Stone Soup version 0.19-a0-1291-gc8f5409 (webtiles) character file.

65 PurpleRed the Conjurer (level 3, 0/19 HPs)
             Began as a Deep Elf Conjurer on Aug 30, 2016.
             Succumbed to an adder's poison
             ... on level 4 of the Dungeon.
             The game lasted 00:03:43 (431 turns).

PurpleRed the Conjurer (Deep Elf Conjurer)           Turns: 431, Time: 00:03:44

Health: 0/19       AC:  2    Str: 10    XL:     3   Next: 94%
Magic:  7/10       EV: 18    Int: 20    God:
Gold:   43         SH:  0    Dex: 20    Spells: 2 memorised, 6 levels left

rFire  . . .     SeeInvis .     m - +2 dagger (venom)
rCold  . . .     Gourm    .     a - +0 robe
rNeg   . . .     Faith    .     (no shield)
rPois  .         Spirit   .     (no helmet)
rElec  .         Dismiss  .     (no cloak)
rCorr  .         Reflect  .     (no gloves)
MR     .....     Harm     .     (no boots)
Stlth  +++.......               (no amulet)
                                (no ring)
                                (no ring)

@: mighty, agile, lethally poisoned (0 -> -4)
A: no striking features
a: no special abilities


You were on level 4 of the Dungeon.
You were not hungry.

You visited 1 branch of the dungeon, and saw 4 of its levels.

You collected 43 gold pieces.

Inventory:

Hand Weapons
 e - a +0 dagger
 g - a +0 short sword
 j - a +0 short sword
 m - a +2 dagger of venom (weapon)
Armour
 a - a +0 robe (worn)
Jewellery
 l - an uncursed ring of ice
Scrolls
 i - a scroll of identify
 k - 2 scrolls of recharging
Books
 b - a book of Conjurations

   Spells                             Type                      Level
   a - Magic Dart                     Conjuration                  1
   b - Searing Ray                    Conjuration                  2
   c - Dazzling Spray                 Conjuration/Hexes            3
   d - Fulminant Prism                Conjuration/Hexes            4
   e - Iskenderun's Mystic Blast      Conjuration                  4
   f - Iskenderun's Battlesphere      Conjuration/Charms           5
Comestibles
 c - 2 bread rations
 n - 2 meat rations


   Skills:
 - Level 2.4 Dodging
 - Level 2.4 Stealth
 + Level 3.7 Spellcasting
 * Level 5.7 Conjurations


You had 6 spell levels left.
You knew the following spells:

 Your Spells              Type           Power        Failure   Level  Hunger
a - Magic Dart            Conj           ####         1%          1    None
b - Searing Ray           Conj           ####..       1%          2    ##.....


Dungeon Overview and Level Annotations

Branches:
Dungeon (4/15)
 Temple: D:4-7

Altars:


Message History

Found 5 fruits, 4 gold pieces and 13 arrows.
Found a stone staircase leading up.
There is a stone staircase leading up here.
Found 13 gold pieces.
As you read the scroll labeled JAERRAFENK, it crumbles to dust.
You hear a loud clanging noise!
It was a scroll of noise.
You hear a shout! x3
As you read the scroll labeled APPULU DEUPI, it crumbles to dust.
It is a scroll of identify.
k - 2 scrolls of recharging
* * * LOW HITPOINT WARNING * * *
You feel sick.
As you read the scroll labeled LISISS WYTEEGGISU, it crumbles to dust.
It is a scroll of amnesia.
Forget which spell ([?*] list [ESC] exit)?
Forget which spell ([?*] list [ESC] exit)?
Okay, then.
Unknown command.
You die...

......# #...
........###..
........##..#
........##..#
........#...### .
..............###...
..................#
............<.....#
...$..<@#.........#
#......##........##
##....##........%.#
###.##.............
###...#..........
..##...$....... .#
#..(........


There were no monsters in sight!

Vanquished Creatures
  An orc wizard (D:3)
  2 adders
  A dart slug (D:1)
  2 giant cockroaches (D:2)
  4 goblins
  2 hobgoblins
  2 jackals (D:3)
  3 kobolds
  A quokka (D:3)
  A rat (D:2)
19 creatures vanquished.

Notes
Turn   | Place    | Note
-------+----------+-------------------------------------------
     0 | D:1      | PurpleRed the Deep Elf Conjurer began the quest for the Orb.
     0 | D:1      | Reached XP level 1. HP: 10/10 MP: 6/6
   160 | D:2      | Reached skill level 5 in Conjurations
   160 | D:2      | Reached XP level 2. HP: 13/15 MP: 0/8
   164 | D:2      | Learned a level 2 spell: Searing Ray
   310 | D:3      | Reached XP level 3. HP: 13/19 MP: 5/9
   431 | D:4      | Succumbed to an adder's poison

Vault maps used:
D:1:      dpeg_arrival_arbitrary_b
D:2:      ecumenical_altar_2
D:3:      minmay_misc_feat_square
D:4:      grunt_temple_overflow_holy_war, minitemple, first_bread,
          uniq_blork_the_orc

Skill      XL: |  1 |
---------------+----+-----
Conjurations   | 5 |  5.7
Dodging        | |  2.4
Stealth        | |  2.4
Spellcasting   | |  3.7

Action                   || total
-------------------------++-------
Melee: Short sword       ||    10
       Dagger            ||     1
 Cast: Magic Dart        ||    23
       Searing Ray       ||     3
  Use: Scroll            ||     3
       Potion            ||     2
 Stab: Sleeping          ||     1
Armor: Robe              ||     2
Dodge: Dodged            ||    16
